[Event "Titled Tuesday Blitz August 16 Late 2022"]
[White "Zeynalov, Farid"]
[Black "Kujawski, Adam"]
[WhiteFideId "13402250"]
[BlackFideId "1100920"]
[WhiteElo "2278"]
[BlackElo "1972"]
[Result "0-1"]
[Round "08"]
[TimeControl "180+1"]
[Date "2022.08.18"]
[WhiteClock "0:00:00"]
[BlackClock "0:00:00"]

1. d4 Nf6 2. c4 e6 3. Nf3 c5 4. d5 d6 5. Nc3 g6 6. dxe6 Bxe6 7. e4 Bg7 8. e5 dxe5 9. Qxd8+ Kxd8 10. Nxe5 Nbd7 11. Bf4 Nxe5 12. Bxe5 Ke7 13. O-O-O Rhd8 14. Be2 Ne8 15. Bg3 Rxd1+ 16. Rxd1 Rd8 17. Nd5+ Bxd5 18. cxd5 Nd6 19. Bxd6+ Kxd6 20. f4 Re8 21. Bf3 Bd4 22. Kc2 b5 23. b4 f5 24. bxc5+ Bxc5 25. Rd3 Re3 26. Rd1 a5 27. Kd2 Ra3 28. Ra1 Bd4 29. Rb1 b4 30. Kc2 Rxa2+ 31. Kd3 Bc3 32. Kc4 a4 33. h4 a3 34. g4 Rf2 35. Bd1 a2 36. Rc1 a1=Q 37. Rxa1 Bxa1 38. gxf5 gxf5 39. h5 Rxf4+ 40. Kb3 Bc3 41. h6 Kxd5 42. Bc2 Ke5 43. Ka4 Rh4 44. Kb3 Rxh6 45. Bd3 Rd6 46. Bc4 h5 47. Kc2 h4 48. Bf1 f4 49. Bh3 f3 50. Kb1 Kf4 51. Kc2 Kg3 52. Bf1 h3 53. Bxh3 Kxh3 54. Kb3 f2 55. Ka2 f1=Q 56. Kb3 Qf7+ 57. Ka4 Qa7+ 58. Kb3 Qa3+ 59. Kc4 Qa2+ 60. Kb5 Rd5+ 61. Kb6 Qa5+ 62. Kb7 Qb5+ 63. Kc8 Qc6+ 64. Kb8 Rd8+ 65. Ka7 Ra8# 0-1


[Site "https://www.chess.com"]

[Event "Titled Tuesday Blitz August 16 Late 2022"]
[White "Zivkovic, Nemanja"]
[Black "Yanchenko, Roman"]
[WhiteFideId "942154"]
[BlackFideId "4137329"]
[WhiteElo "2372"]
[BlackElo "2514"]
[Result "0-1"]
[Round "08"]
[TimeControl "180+1"]
[Date "2022.08.16"]
[WhiteClock "0:00:24"]
[BlackClock "0:01:10"]

1. e4 e6 2. d4 d5 3. Nd2 c5 4. Ngf3 Nc6 5. exd5 exd5 6. Bb5 c4 7. O-O Bd6 8. Re1+ Ne7 9. b3 cxb3 10. axb3 O-O 11. Ba3 Bxa3 12. Rxa3 Bf5 13. c3 Qd6 14. Ra1 a6 15. Bxc6 Nxc6 16. Ne5 Rac8 17. Nxc6 Rxc6 18. Re3 Rfc8 19. Rc1 Qh6 20. Qe1 Be6 21. Nf3 R6c7 22. Ne5 Qh4 23. h3 h6 24. Rd1 a5 25. Ra1 b6 26. Rd1 Qf4 27. Rf3 Qg5 28. Rg3 Qh4 29. Re3 Kh7 30. Qd2 Bf5 31. c4 dxc4 32. bxc4 f6 33. Nf3 Qf4 34. Qb2 Qd6 35. Rb3 Rxc4 36. Rxb6 Qf4 37. Qb5 Bxh3 38. Qxa5 Bxg2 39. Kxg2 Qg4+ 40. Kf1 Qxf3 0-1


[Site "https://www.chess.com"]

[Event "Titled Tuesday Blitz August 16 Late 2022"]
[White "Zou, Chen"]
[Black "Martic, Ivan"]
[WhiteFideId "8610959"]
[BlackFideId "929301"]
[WhiteElo "2276"]
[BlackElo "2355"]
[Result "1-0"]
[Round "08"]
[TimeControl "180+1"]
[Date "2022.08.16"]
[WhiteClock "0:00:07"]
[BlackClock "0:00:04"]

1. d4 d5 2. c4 c6 3. Nf3 Nf6 4. e3 Bg4 5. Nc3 e6 6. Be2 Nbd7 7. O-O Bd6 8. h3 Bh5 9. b3 O-O 10. Bb2 Qe7 11. Rc1 Ba3 12. Bxa3 Qxa3 13. Qd2 Rad8 14. Rfd1 Rfe8 15. Nb1 Qe7 16. Qb2 Ne4 17. Qa3 Qxa3 18. Nxa3 h6 19. Kf1 f5 20. b4 a6 21. c5 Rf8 22. Nb1 f4 23. exf4 Rxf4 24. Nbd2 Rdf8 25. Kg1 e5 26. dxe5 Nxe5 27. Re1 Nxd2 28. Nxd2 Bxe2 29. Rxe2 Nd3 30. Rc3 Nxb4 31. a3 d4 32. Rb3 Nd5 33. Nf3 R8f7 34. Rd2 Nc3 35. Kh2 Rd7 36. Rb4 a5 37. Rc4 g5 38. Rd3 Kg7 39. Kh1 Ne2 40. Rd2 Nc3 41. Kh2 Kf6 42. Kg1 h5 43. Kf1 g4 44. hxg4 hxg4 45. Ne1 Re4 46. Nc2 Rde7 47. g3 Nb5 48. Kg2 Nxa3 49. Nxa3 a4 50. Rxa4 Re1 51. Nc2 Rc1 52. Raxd4 Rh7 53. Ne3 Rhh1 54. Nxg4+ Kg5 55. Ne3 Rhg1+ 56. Kf3 Rh1 57. Rg4+ Kh5 58. Rf4 Rhe1 59. Rf5+ Kg6 60. Rd8 Rc3 61. Rg8+ Kh7 62. Rg4 Rcxe3+ 63. fxe3 Rf1+ 64. Ke4 Rb1 65. Rh5# 1-0


[Site "https://www.chess.com"]

[Event "Titled Tuesday Blitz August 16 Late 2022"]
[White "Al Hosani, Omran"]
[Black "Leiva, Gianmarco"]
[WhiteFideId "9308733"]
[BlackFideId "3804399"]
[WhiteElo "2236"]
[BlackElo "2323"]
[Result "1-0"]
[Round "09"]
[TimeControl "180+1"]
[Date "2022.08.16"]
[WhiteClock "0:00:08"]
[BlackClock "0:00:11"]

1. e4 c5 2. Nf3 d6 3. d4 cxd4 4. Nxd4 Nf6 5. Nc3 a6 6. g3 e5 7. Nde2 Be7 8. Bg2 O-O 9. O-O b5 10. a4 b4 11. Nd5 Nxd5 12. Qxd5 Ra7 13. Be3 Be6 14. Qd2 Rd7 15. Rad1 Nc6 16. f4 f6 17. c3 Qa5 18. cxb4 Qxa4 19. Ra1 Qb5 20. Nc3 Qxb4 21. Rxa6 Qb7 22. Rb6 Qa8 23. Nd5 Bd8 24. Rb3 Rb7 25. Rxb7 Qxb7 26. Rc1 Ne7 27. Nc3 Bb6 28. Bxb6 Qxb6+ 29. Qf2 Rb8 30. Rd1 Qxf2+ 31. Kxf2 Rxb2+ 32. Kg1 Nc8 33. Bf1 Kf8 34. Ba6 Ke7 35. f5 Rc2 36. Nb5 Bd7 37. Na3 Ra2 38. Rd3 Nb6 39. Rb3 Na4 40. Bc4 Nc5 41. Re3 Rb2 42. Bd5 Bb5 43. Nxb5 Rxb5 44. Ra3 Rb1+ 45. Kg2 Rb2+ 46. Kf3 Rb1 47. Ra7+ Kf8 48. Rf7+ Ke8 49. Rxg7 Rb2 50. Rxh7 Rb3+ 51. Bxb3 Nxb3 52. h4 Nd4+ 53. Kg4 Ne2 54. h5 Nc3 55. Kf3 Kf8 56. h6 Nb1 57. Rg7 Nd2+ 58. Ke3 Nc4+ 59. Kd3 Nb2+ 60. Kc3 Nd1+ 61. Kd2 Nf2 62. Rg6 Nxe4+ 63. Ke3 Ng5 64. Rxf6+ Ke7 65. Rg6 Nh7 66. Rg7+ Kf6 67. Rxh7 Kg5 68. f6 Kg6 69. Rg7+ Kf5 70. h7 e4 71. h8=Q d5 72. f7 1-0


[Site "https://www.chess.com"]

[Event "Titled Tuesday Blitz August 16 Late 2022"]
[White "Alexikov, Alexander"]
[Black "Floresvillar Gonzalez, Luis Migu"]
[WhiteFideId "14103958"]
[BlackFideId "5100542"]
[WhiteElo "2253"]
[BlackElo "2040"]
[Result "1-0"]
[Round "09"]
[TimeControl "180+1"]
[Date "2022.08.18"]
[WhiteClock "0:00:00"]
[BlackClock "0:00:00"]

1. e4 e6 2. d4 d5 3. Nc3 Nf6 4. e5 Nfd7 5. f4 c5 6. Nf3 Nc6 7. Be3 cxd4 8. Nxd4 Bb4 9. Bd3 Nc5 10. O-O Nxd3 11. Qxd3 Bd7 12. a3 Bc5 13. Nce2 Nxd4 14. Nxd4 Bxd4 15. Bxd4 b6 16. c3 Rc8 17. a4 Rc4 18. b3 Rc6 19. Rf2 Qh4 20. Raf1 O-O 21. Rf3 Qh5 22. Rg3 Qh6 23. Rg5 g6 24. Rf3 Rfc8 25. Rh3 Qg7 26. Rhg3 a5 27. h4 R6c7 28. h5 Rb7 29. f5 exf5 30. e6 f6 31. exd7 Rxd7 32. hxg6 h6 33. Rxf5 1-0


[Site "https://www.chess.com"]

[Event "Titled Tuesday Blitz August 16 Late 2022"]
[White "Andreikin, Dmitry"]
[Black "Bortnyk, Olexandr"]
[WhiteFideId "4158814"]
[BlackFideId "14120828"]
[WhiteElo "2736"]
[BlackElo "2723"]
[Result "0-1"]
[Round "09"]
[TimeControl "180+1"]
[Date "2022.08.16"]
[WhiteClock "0:00:01"]
[BlackClock "0:00:26"]

1. d4 Nf6 2. c4 d6 3. Nc3 Bf5 4. f3 h6 5. e4 Bh7 6. Be3 e5 7. dxe5 dxe5 8. Qxd8+ Kxd8 9. O-O-O+ Nfd7 10. c5 f6 11. Bc4 Bg8 12. Bxg8 Rxg8 13. Nge2 Kc8 14. b4 a5 15. a3 axb4 16. axb4 Na6 17. Nd5 c6 18. Nb6+ Nxb6 19. cxb6 Nxb4 20. Nc3 Na2+ 21. Nxa2 Rxa2 22. Kb1 Rxg2 23. h4 h5 24. Rhg1 Re2 25. Bh6 Rf2 26. Rd3 Bc5 27. Rxg7 Rxg7 28. Bxg7 Bxb6 29. Bxf6 Bd4 30. Bg5 c5 31. Ra3 Kd7 32. Ra8 c4 33. f4 b5 34. f5 b4 35. Rd8+ Kc6 36. Rc8+ Kb5 37. f6 b3 38. Rb8+ Ka6 0-1


[Site "https://www.chess.com"]

[Event "Titled Tuesday Blitz August 16 Late 2022"]
[White "Arnold, Ken"]
[Black "Graif, William"]
[WhiteFideId "2056836"]
[BlackFideId "2609835"]
[WhiteElo "2391"]
[BlackElo "1942"]
[Result "1-0"]
[Round "09"]
[TimeControl "180+1"]
[Date "2022.08.18"]
[WhiteClock "0:00:00"]
[BlackClock "0:00:00"]

1. d4 Nf6 2. c4 e5 3. dxe5 Ng4 4. Nf3 Nc6 5. e3 g6 6. Be2 Bg7 7. h3 Ngxe5 8. Nbd2 O-O 9. O-O d5 10. cxd5 Qxd5 11. Nxe5 Nxe5 12. Nf3 Rd8 13. Qc2 Bf5 14. Qb3 Bd3 15. Bxd3 Nxf3+ 16. gxf3 Qxf3 17. Bc4 Qxh3 18. Bxf7+ Kh8 19. Be6 Qf3 20. Qc4 Be5 21. Qg4 Qf6 22. Bc4 h5 23. Qg2 Rd6 24. f4 Bd4 25. exd4 Qxd4+ 26. Kh1 Qxc4 27. f5 Rad8 28. Bf4 Rd4 29. Be5+ Kh7 30. Qxg6# 1-0


[Site "https://www.chess.com"]

[Event "Titled Tuesday Blitz August 16 Late 2022"]
[White "Bartholomew, John"]
[Black "Wieczorek, Oskar"]
[WhiteFideId "2019353"]
[BlackFideId "1133950"]
[WhiteElo "2705"]
[BlackElo "2302"]
[Result "1-0"]
[Round "09"]
[TimeControl "180+1"]
[Date "2022.08.16"]
[WhiteClock "0:00:05"]
[BlackClock "0:00:01"]

1. d4 Nf6 2. c4 c5 3. d5 g6 4. Nc3 Bg7 5. e4 d6 6. h3 O-O 7. Bd3 e6 8. Nf3 Na6 9. O-O Nc7 10. Re1 Rb8 11. a4 e5 12. Ne2 Na6 13. Bd2 Nd7 14. g4 Nb4 15. Bb1 b6 16. Ng3 a6 17. b3 b5 18. axb5 axb5 19. Kg2 bxc4 20. bxc4 Nb6 21. Qc1 Bd7 22. Bxb4 cxb4 23. c5 dxc5 24. Qxc5 b3 25. Re3 Na4 26. Qd6 Re8 27. Qa6 Bb5 28. Qa7 Ra8 29. Qb7 Rb8 30. Qa7 Qd7 31. Qxd7 Bxd7 32. Ra3 b2 33. Rab3 Nc5 34. Rxb8 Rxb8 35. Rc3 Rb5 36. Nd2 Bf8 37. Nc4 Na4 38. Rc2 f6 39. g5 Kf7 40. gxf6 Kxf6 41. Nf1 Rc5 42. Nfe3 Bh6 43. Kf3 Bb5 44. Na3 Rxc2 45. Bxc2 Bxe3 46. Kxe3 Nc3 47. Nb1 1-0


[Site "https://www.chess.com"]

[Event "Titled Tuesday Blitz August 16 Late 2022"]
[White "Bilych, Olexiy"]
[Black "Akbas, Umut Ata"]
[WhiteFideId "14156504"]
[BlackFideId "44572646"]
[WhiteElo "2157"]
[BlackElo "1654"]
[Result "1-0"]
[Round "09"]
[TimeControl "180+1"]
[Date "2022.08.16"]
[WhiteClock "0:00:09"]
[BlackClock "0:00:17"]

1. e4 e5 2. Nf3 Nc6 3. Bc4 Bc5 4. c3 Nf6 5. d3 O-O 6. O-O d5 7. exd5 Nxd5 8. Nbd2 Bg4 9. Re1 Re8 10. h3 Bh5 11. Ne4 Bb6 12. Ng3 Bg6 13. d4 e4 14. Bxd5 Qxd5 15. Nh4 Ne7 16. Be3 Rad8 17. Nxg6 Nxg6 18. Qg4 c6 19. Nf5 Qe6 20. h4 Rd5 21. h5 Qxf5 22. Qxf5 Rxf5 23. hxg6 hxg6 24. c4 Ra5 25. c5 Bc7 26. a4 f5 27. b4 Ra6 28. b5 cxb5 29. axb5 Rxa1 30. Rxa1 Bb8 31. d5 Rd8 32. d6 b6 33. cxb6 axb6 34. Ra8 Bc7 35. dxc7 Rxa8 36. Bxb6 Kf7 37. Ba7 Ke6 38. b6 Kd7 39. b7 1-0


[Site "https://www.chess.com"]

[Event "Titled Tuesday Blitz August 16 Late 2022"]
[White "Blanco Ronquillo, Humberto L."]
[Black "Zenin, Dmitry"]
[WhiteFideId "3504239"]
[BlackFideId "4127897"]
[WhiteElo "2425"]
[BlackElo "2215"]
[Result "1/2-1/2"]
[Round "09"]
[TimeControl "180+1"]
[Date "2022.08.18"]
[WhiteClock "0:00:00"]
[BlackClock "0:00:00"]

1. d4 Nf6 2. c4 g6 3. Nc3 Bg7 4. e4 d6 5. Nf3 O-O 6. d5 c6 7. h3 e6 8. Be2 exd5 9. exd5 cxd5 10. cxd5 Na6 11. O-O Nc5 12. Be3 Bd7 13. Rc1 Rc8 14. Bd4 Re8 15. Re1 a6 16. b4 Nce4 17. Nxe4 Rxe4 18. Rxc8 Bxc8 19. Qd2 Qe8 20. Bc4 Rxe1+ 21. Qxe1 Qxe1+ 22. Nxe1 Bf5 23. f3 h5 24. g4 hxg4 25. hxg4 Bb1 26. Kf2 g5 27. Ke3 Nd7 28. Bxg7 Kxg7 29. f4 Kf6 30. Bb3 gxf4+ 31. Kxf4 Ne5 32. a3 b6 33. Bd1 Ba2 34. g5+ Ke7 35. Nf3 Nd3+ 36. Ke3 Nb2 37. Be2 a5 38. Nd2 Bxd5 39. Kd4 Be6 40. Bb5 axb4 41. axb4 Nd1 42. Ne4 Bf5 43. Nf6 Be6 44. Ne4 Bf5 45. Ng3 Bg6 46. Be2 Nb2 47. Kc3 Na4+ 48. Kb3 b5 49. Bxb5 Nb6 50. Be2 d5 51. Kc3 Kd6 52. Kd4 Na4 53. Bd3 Nb6 54. Bxg6 fxg6 55. Ne2 Nd7 56. Nf4 Ne5 57. Nxd5 Nf3+ 58. Kc4 Nxg5 59. Nf4 Ne4 60. Nxg6 Kc6 61. Ne5+ Kb6 62. Nd3 Nd6+ 63. Kb3 Kb5 64. Ne5 Nf5 65. Nf3 Ne3 66. Nd4+ Kb6 1/2-1/2


[Site "https://www.chess.com"]

[Event "Titled Tuesday Blitz August 16 Late 2022"]
[White "Bodnar, Nikolay"]
[Black "Rios Escobar, Adan"]
[WhiteFideId "14106469"]
[BlackFideId "3403645"]
[WhiteElo "2283"]
[BlackElo "2276"]
[Result "1-0"]
[Round "09"]
[TimeControl "180+1"]
[Date "2022.08.18"]
[WhiteClock "0:00:00"]
[BlackClock "0:00:00"]

1. c4 Nf6 2. g3 g6 3. Bg2 c5 4. Nc3 Bg7 5. Nf3 O-O 6. d4 cxd4 7. Nxd4 Nc6 8. O-O Qa5 9. Nb3 Qh5 10. c5 a5 11. e4 a4 12. Qxh5 Nxh5 13. Nd2 a3 14. Nc4 axb2 15. Bxb2 Nb4 16. Nd5 e6 17. Ndb6 Ra5 18. Bxg7 Kxg7 19. Nxa5 Nd3 20. Nb3 Nf6 21. Rfd1 Ne5 22. f4 Neg4 23. e5 Ne8 24. Nxc8 1-0


[Site "https://www.chess.com"]

[Event "Titled Tuesday Blitz August 16 Late 2022"]
[White "Boros, Denes"]
[Black "Ibarra Jerez, Jose Carlos"]
[WhiteFideId "722340"]
[BlackFideId "2226332"]
[WhiteElo "2464"]
[BlackElo "2628"]
[Result "0-1"]
[Round "09"]
[TimeControl "180+1"]
[Date "2022.08.16"]
[WhiteClock "0:00:58"]
[BlackClock "0:00:19"]

1. g3 Nf6 2. Bg2 g6 3. e4 d6 4. b3 Bg7 5. Bb2 O-O 6. Ne2 c5 7. O-O Nc6 8. d4 cxd4 9. Nxd4 Bg4 10. Qd3 Rc8 11. c4 Qa5 12. Nxc6 bxc6 13. h3 Be6 14. Nd2 Qh5 15. g4 Bxg4 16. Bxf6 Be2 17. Qe3 Bxf6 18. Rae1 Bxf1 19. Nxf1 c5 20. Ng3 Qh4 21. Qf3 Be5 22. Rd1 e6 23. Ne2 f5 24. Qe3 fxe4 25. Bxe4 Rf6 26. Bg2 Rcf8 27. Rf1 Bd4 28. Nxd4 Qxd4 29. Qe2 Kg7 30. Be4 Qe5 31. Qd3 Rf4 32. Bg2 Qd4 33. Qg3 R8f6 34. Bc6 d5 35. Bb7 dxc4 36. bxc4 Qxc4 37. Rd1 Rxf2 38. Rd7+ Kh6 39. Qe3+ Qf4 40. Qxf4+ R6xf4 41. Bg2 Rxa2 42. Bf1 Ra1 0-1


[Site "https://www.chess.com"]

[Event "Titled Tuesday Blitz August 16 Late 2022"]
[White "Bringas Gomez, Artai"]
[Black "Hoffmann, Asa"]
[WhiteFideId "24534064"]
[BlackFideId "2001470"]
[WhiteElo "2039"]
[BlackElo "2117"]
[Result "0-1"]
[Round "09"]
[TimeControl "180+1"]
[Date "2022.08.18"]
[WhiteClock "0:00:00"]
[BlackClock "0:00:00"]

1. e4 d6 2. c4 c6 3. d4 e5 4. Nc3 Nf6 5. f3 Nbd7 6. Nge2 Be7 7. Be3 a6 8. Qd2 b5 9. O-O-O Qc7 10. Ng3 g6 11. Kb1 h5 12. h4 b4 13. Nce2 a5 14. Nc1 c5 15. dxc5 Nxc5 16. Be2 Be6 17. Bg5 Rb8 18. Nf1 Nfd7 19. Bxe7 Kxe7 20. Ne3 Nb6 21. Nd3 Nba4 22. Nxc5 Qxc5 23. Ka1 Rhd8 24. g4 Nb6 25. gxh5 gxh5 26. Rhg1 Bxc4 27. Rc1 d5 28. exd5 Nxd5 29. Nxc4 Nf4 30. Qe1 Rbc8 31. Rg5 f6 32. Rg7+ Ke6 33. Bf1 Rd4 34. b3 a4 35. Rd1 axb3 36. axb3 Rcd8 37. Rxd4 Qxd4+ 38. Kb1 Ra8 39. Nb2 Ra3 40. Bc4+ Kd6 41. Qc1 Nd5 42. Rg1 Nc3+ 43. Kc2 Qf2+ 44. Qd2+ Qxd2+ 45. Kxd2 Ra2 46. Kc2 f5 47. Rg6+ Kc5 48. Rg5 Ne2 49. Rxf5 Nd4+ 50. Kd3 Nxf5 51. Kc2 Nxh4 52. Kb1 Rxb2+ 53. Kxb2 Nxf3 54. Kc2 Kd4 55. Kd1 e4 56. Ke2 h4 57. Be6 Ng5 58. Bf5 h3 59. Kf2 e3+ 60. Kg3 h2 61. Kxh2 e2 62. Bg4 e1=Q 0-1


[Site "https://www.chess.com"]

[Event "Titled Tuesday Blitz August 16 Late 2022"]
[White "Buchenau, Frank"]
[Black "Gubajdullin, Alexei"]
[WhiteFideId "4604350"]
[BlackFideId "4141202"]
[WhiteElo "2157"]
[BlackElo "2214"]
[Result "0-1"]
[Round "09"]
[TimeControl "180+1"]
[Date "2022.08.18"]
[WhiteClock "0:00:00"]
[BlackClock "0:00:00"]

1. e4 c6 2. Nf3 d5 3. Nc3 Bg4 4. d4 dxe4 5. Nxe4 Nd7 6. Ng3 g6 7. Bc4 Ngf6 8. h3 Bxf3 9. Qxf3 Bg7 10. c3 O-O 11. O-O e5 12. Rd1 exd4 13. Rxd4 Qb6 14. Bb3 Ne5 15. Qd1 c5 16. Rd6 Rad8 17. Rxb6 Rxd1+ 18. Bxd1 axb6 19. Be2 Nd5 20. f4 Nc6 21. Bf3 Rd8 22. Ne4 h6 23. Kf2 f5 24. Ng3 b5 25. Bd2 Ndb4 26. Be3 Nd3+ 27. Ke2 Nxb2 28. Bxc5 Bxc3 29. Rc1 Bd4 30. Bxd4 Nxd4+ 31. Ke3 Nc4+ 32. Kf2 Nxf3 33. Kxf3 Rd3+ 34. Kf2 Rd2+ 35. Kf3 Rxa2 36. Ne2 Ra3+ 37. Kf2 Ra2 38. Kf3 Nd6 39. Nd4 b4 40. Rb1 Rd2 41. Rxb4 Ne4 42. Ne6 Rf2+ 43. Ke3 Rxg2 44. Rxb7 Rg3+ 45. Kd4 g5 46. Ke5 gxf4 47. Nxf4 Kf8 48. Rh7 Ng5 0-1


[Site "https://www.chess.com"]

[Event "Titled Tuesday Blitz August 16 Late 2022"]
[White "Burke, Paul"]
[Black "Tarnowska, Aleksandra"]
[WhiteFideId "2605767"]
[BlackFideId "1180967"]
[WhiteElo "1918"]
[BlackElo "1700"]
[Result "0-1"]
[Round "09"]
[TimeControl "180+1"]
[Date "2022.08.18"]
[WhiteClock "0:00:00"]
[BlackClock "0:00:00"]

1. e4 c5 2. d4 cxd4 3. c3 d5 4. exd5 Qxd5 5. cxd4 Nf6 6. Nf3 e6 7. Nc3 Qd6 8. Be2 Be7 9. O-O O-O 10. h3 Nc6 11. Be3 a6 12. Qd2 b5 13. Bf4 Qd7 14. Ne5 Nxe5 15. dxe5 Qxd2 16. Bxd2 Nd7 17. f4 Bb7 18. Bf3 Bxf3 19. Rxf3 Nc5 20. Be3 Rfd8 21. Rff1 Rd3 22. Bf2 Rad8 23. Rad1 h6 24. Rxd3 Nxd3 25. Rd1 Nxb2 26. Rxd8+ Bxd8 27. Ne4 Nd3 28. Be3 f6 29. exf6 gxf6 30. Nd6 Bc7 31. Ne4 f5 32. Nf6+ Kf7 33. Nh5 Kg6 34. g4 a5 35. Kg2 b4 36. Kf3 a4 37. Bd4 b3 38. axb3 axb3 39. Ke3 b2 40. Bxb2 Nxb2 41. Kd4 Na4 42. Kc4 Nb6+ 43. Kb5 Nd5 44. Kc6 Bxf4 45. Nxf4+ Nxf4 46. gxf5+ exf5 0-1


[Site "https://www.chess.com"]

[Event "Titled Tuesday Blitz August 16 Late 2022"]
[White "Carbone, Diego"]
[Black "Remolar Gallen, Jose"]
[WhiteFideId "3002179"]
[BlackFideId "2215187"]
[WhiteElo "2199"]
[BlackElo "2205"]
[Result "1-0"]
[Round "09"]
[TimeControl "180+1"]
[Date "2022.08.18"]
[WhiteClock "0:00:00"]
[BlackClock "0:00:00"]

1. d4 Nf6 2. c4 g6 3. g3 Bg7 4. Bg2 c6 5. Nf3 d5 6. cxd5 cxd5 7. O-O O-O 8. Ne5 Nc6 9. Nxc6 bxc6 10. Nc3 Bf5 11. Bf4 Rc8 12. Na4 Ne4 13. Rc1 Qa5 14. a3 Rfe8 15. b4 Qa6 16. Re1 e5 17. dxe5 Bxe5 18. Bxe5 Rxe5 19. e3 Rce8 20. Bf1 Qc8 21. Qd4 Ng5 22. Bg2 Bh3 23. Qh4 Bxg2 24. Kxg2 Qf5 25. Nc5 Qf3+ 26. Kg1 Rf5 27. Nd3 Re4 28. Nf4 1-0


[Site "https://www.chess.com"]

[Event "Titled Tuesday Blitz August 16 Late 2022"]
[White "Chernomordik, Pavel"]
[Black "Romanchuk, Viktor"]
[WhiteFideId "2804530"]
[BlackFideId "14109271"]
[WhiteElo "2217"]
[BlackElo "2242"]
[Result "0-1"]
[Round "09"]
[TimeControl "180+1"]
[Date "2022.08.18"]
[WhiteClock "0:00:00"]
[BlackClock "0:00:00"]

1. e4 e6 2. Nc3 d5 3. d4 dxe4 4. Nxe4 Nd7 5. Nf3 Ngf6 6. Bg5 h6 7. Nxf6+ Nxf6 8. Bh4 c5 9. Bb5+ Bd7 10. Bxd7+ Qxd7 11. Qe2 Be7 12. O-O-O O-O 13. dxc5 Qc6 14. Ne5 Qxc5 15. Bxf6 Bxf6 16. Nd7 Bxb2+ 17. Kxb2 Qb4+ 18. Kc1 Qa3+ 19. Kd2 Rfd8 20. Ke1 Qa4 21. Ne5 Qa5+ 22. Kf1 Rxd1+ 23. Qxd1 Qxe5 24. h4 Rc8 25. Rh3 Qc5 26. c3 Qc4+ 27. Kg1 Qxa2 28. Rd3 Qc4 29. Qf3 Qc6 30. Qe3 a5 31. Qa7 a4 32. Qa5 b5 33. g4 g6 34. Qa7 Qc4 35. Qd7 Qxg4+ 36. Rg3 Qc4 37. h5 g5 38. Qe7 Qf4 39. Rd3 Kg7 40. Kg2 Qg4+ 41. Rg3 Qe4+ 42. Rf3 Rf8 43. Qf6+ Kg8 0-1


[Site "https://www.chess.com"]

[Event "Titled Tuesday Blitz August 16 Late 2022"]
[White "D`Arruda, Ricardo D."]
[Black "Tanenbaum, Zachary"]
[WhiteFideId "100692"]
[BlackFideId "2060850"]
[WhiteElo "2271"]
[BlackElo "2175"]
[Result "1-0"]
[Round "09"]
[TimeControl "180+1"]
[Date "2022.08.18"]
[WhiteClock "0:00:00"]
[BlackClock "0:00:00"]

1. d4 d5 2. Nf3 Nf6 3. c4 dxc4 4. e3 a6 5. Bxc4 e6 6. O-O c5 7. b3 cxd4 8. Qxd4 Qxd4 9. Nxd4 Bd7 10. Bb2 Nc6 11. Nxc6 Bxc6 12. Nc3 Bc5 13. Rfd1 Ke7 14. Na4 Bb4 15. a3 Bd6 16. Nc3 b5 17. Be2 Rac8 18. Rac1 Rhd8 19. h3 g6 20. Bf3 Bxf3 21. gxf3 Rc7 22. Ne4 Nxe4 23. fxe4 Rdc8 24. Rxc7+ Rxc7 25. Bf6+ Kxf6 26. Rxd6 Rc3 27. Rxa6 Rxb3 28. a4 b4 29. Rb6 Ke5 30. Rb7 Kxe4 31. Rxf7 Ra3 32. Rf4+ Kd3 33. Rxb4 e5 34. Kg2 e4 35. Rd4+ Ke2 36. Rxe4 Ra2 37. h4 h6 38. Rg4 Ke1 39. Rf4 g5 40. hxg5 hxg5 41. Rf5 Rxa4 42. Rxg5 Ke2 43. Kg3 Ra1 44. Rf5 Rg1+ 45. Kh2 Rg8 46. e4 Kd3 47. f3 Ke3 48. Kh3 Kf2 49. Kh4 Ke3 50. e5 Kd4 51. f4 Kd5 52. Rf6 Ke4 53. e6 Kd5 54. f5 Kd6 55. Rf7 Rg1 56. e7 Kd7 57. f6 Rg2 58. Rf8 1-0


[Site "https://www.chess.com"]

[Event "Titled Tuesday Blitz August 16 Late 2022"]
[White "Deviprasath, Sharvesh"]
[Black "Voege, Tobias"]
[WhiteFideId "30938228"]
[BlackFideId "1270513"]
[WhiteElo "2102"]
[BlackElo "2360"]
[Result "0-1"]
[Round "09"]
[TimeControl "180+1"]
[Date "2022.08.18"]
[WhiteClock "0:00:00"]
[BlackClock "0:00:00"]

1. d4 Nf6 2. c4 g6 3. Nc3 Bg7 4. Nf3 O-O 5. Bg5 c5 6. d5 d6 7. Qd2 Na6 8. Bh6 Ne8 9. h4 f6 10. h5 Bxh6 11. Qxh6 g5 12. Ne4 Bf5 13. Ng3 Ng7 14. e4 Qa5+ 15. Nd2 Nb4 16. exf5 Nc2+ 17. Kd1 Nxa1 18. Bd3 Qxa2 19. Nge4 Nxf5 0-1


[Site "https://www.chess.com"]

[Event "Titled Tuesday Blitz August 16 Late 2022"]
[White "Djordjevic, Vuk"]
[Black "Sourath Biswas"]
[WhiteFideId "902098"]
[BlackFideId "35091484"]
[WhiteElo "2456"]
[BlackElo "1777"]
[Result "0-1"]
[Round "09"]
[TimeControl "180+1"]
[Date "2022.08.16"]
[WhiteClock "0:00:01"]
[BlackClock "0:00:12"]

1. d4 Nf6 2. Bg5 g6 3. Bxf6 exf6 4. c4 d5 5. cxd5 Qxd5 6. Nc3 Qd8 7. e3 Nd7 8. g3 Bd6 9. Bg2 O-O 10. Nf3 c6 11. O-O f5 12. Nd2 Nf6 13. Nc4 Bc7 14. b4 Be6 15. Qd3 h5 16. b5 Rc8 17. bxc6 bxc6 18. Rfd1 h4 19. Na4 Ng4 20. Nc5 Bd5 21. f3 Bxc4 22. Qc3 Ba5 23. Qxc4 Nxe3 24. Qd3 Nxd1 25. Rxd1 hxg3 26. hxg3 Bb6 27. Na4 Qd6 28. Kh2 Rfd8 29. Nxb6 axb6 30. f4 Ra8 31. Qc4 b5 32. Qc2 Ra3 33. Bxc6 b4 34. d5 Kg7 35. Qb2+ Qf6 36. Qe2 Rh8+ 37. Kg2 Qc3 38. Qf2 Qc4 39. g4 Qe4+ 40. Kf1 Rh1+ 0-1


[Site "https://www.chess.com"]

[Event "Titled Tuesday Blitz August 16 Late 2022"]
[White "Do Nascimento,Christian Almeida"]
[Black "Ardila, Oscar Humberto"]
[WhiteFideId "2143801"]
[BlackFideId "4404742"]
[WhiteElo "2085"]
[BlackElo "1939"]
[Result "1-0"]
[Round "09"]
[TimeControl "180+1"]
[Date "2022.08.18"]
[WhiteClock "0:00:00"]
[BlackClock "0:00:00"]

1. e4 e5 2. Nf3 Nf6 3. Nc3 Nc6 4. Bb5 Bb4 5. O-O O-O 6. d3 d6 7. Bg5 Bxc3 8. bxc3 Qe7 9. Bxc6 bxc6 10. h3 Be6 11. Nh2 h6 12. Be3 g5 13. h4 Nh7 14. Qh5 Qf6 15. Ng4 Bxg4 16. Qxg4 Kh8 17. f4 gxf4 18. Rxf4 exf4 19. Bd4 Qe5 20. Qxf4 f6 21. Bxe5 fxe5 22. Qxh6 Rf6 23. Qe3 Raf8 24. Qxa7 R8f7 25. a4 Nf8 26. a5 Ng6 27. g3 Rf3 28. Kg2 Kh7 29. a6 c5 30. Rg1 Rf2+ 31. Kh3 R7f3 32. Qxc7+ Kh6 33. Qxd6 Rxc2 34. Kg4 Rcf2 35. h5 Rf6 36. Qxf6 Rxf6 37. Ra1 Rf8 38. hxg6 Kxg6 39. a7 Ra8 40. Ra6+ Kf7 41. Kf5 Ke7 42. Kxe5 Kd7 43. g4 Kc7 44. g5 Kb7 45. Ra3 Kb6 46. g6 Kb5 47. g7 c4 48. d4 1-0


[Site "https://www.chess.com"]

[Event "Titled Tuesday Blitz August 16 Late 2022"]
[White "Fernandez Hernandez, Gerardo"]
[Black "Novikova, Galina"]
[WhiteFideId "2207400"]
[BlackFideId "4157095"]
[WhiteElo "2169"]
[BlackElo "1923"]
[Result "0-1"]
[Round "09"]
[TimeControl "180+1"]
[Date "2022.08.18"]
[WhiteClock "0:00:00"]
[BlackClock "0:00:00"]

1. e4 e6 2. d3 d5 3. Nd2 Nf6 4. Ngf3 g6 5. g3 Bg7 6. Bg2 O-O 7. O-O c5 8. Re1 Nc6 9. c3 a5 10. a4 b6 11. exd5 exd5 12. Nb3 Bf5 13. Bf4 Re8 14. Ne5 Nxe5 15. Bxe5 Rc8 16. Bxf6 Rxe1+ 17. Qxe1 Bxf6 18. Qd2 Qd7 19. Re1 Rd8 20. d4 Qxa4 21. Qd1 c4 22. Nd2 Qxd1 23. Rxd1 Be6 24. Re1 b5 25. f4 b4 26. Kf2 Rb8 27. Rb1 Bf5 28. Re1 bxc3 29. bxc3 Rb2 30. Ke3 Be6 31. Ra1 Bd8 32. Bf3 h5 33. h4 Kg7 34. Bd1 Bf5 35. Bf3 Be6 36. Bd1 f6 37. Bf3 Rc2 38. Be2 Rxc3+ 39. Kf2 Rc2 40. Ke3 Bd7 0-1


[Site "https://www.chess.com"]